 Dungeon Crawl Stone Soup version 0.28.0-53-g5a82cb258f (webtiles) character file.

Game seed: 6727521343096667474

90 mcbry74 the Poker (level 4, -1/35 HPs)
             Began as a Merfolk Fighter on June 27, 2022.
             Was a Believer of Sif Muna.
             Slain by an iguana (11 damage)
             ... on level 4 of the Dungeon.
             The game lasted 00:07:41 (2466 turns).

mcbry74 the Poker (Merfolk Fighter)                 Turns: 2466, Time: 00:07:41

Health: -1/35      AC:  6    Str: 16    XL:     4   Next: 56%
Magic:  4/4        EV:  9    Int:  9    God:    Sif Muna [**....]
Gold:   241        SH:  4    Dex: 13    Spells: 3/4 levels left

rFire   . . .      SeeInvis .   a - +0 trident
rCold   . . .      Faith    .   c - +0 buckler
rNeg    . . .      Spirit   .   b - +0 scale mail
rPois   .          Reflect  .   (no helmet)
rElec   .          Harm     .   (no cloak)
rCorr   .          Rampage  .   (no gloves)
Will    .....                   (no boots)
Stlth   ..........              g - amulet of magic regeneration
HPRegen 0.11/turn               (no ring)
MPRegen 0.49/turn               (no ring)

@: no status effects
A: (nimble swimmer 2), mertail
a: Renounce Religion, Channel Magic


You were on level 4 of the Dungeon.
You worshipped Sif Muna.
Sif Muna was pleased with you.
You visited 1 branch of the dungeon, and saw 4 of its levels.

You collected 241 gold pieces.

Inventory:

Hand Weapons
 a - a +0 trident (weapon)
Missiles
 i - 6 poisoned darts (quivered)
 n - 66 stones
Armour
 b - a +0 scale mail (worn)
 c - a +0 buckler (worn)
Jewellery
 g - an amulet of magic regeneration (around neck)
Wands
 o - a wand of digging (8)
Scrolls
 e - a scroll of holy word {unknown}
 f - a scroll of immolation {unknown}
 j - a scroll of teleportation {unknown}
 l - a scroll of amnesia {unknown}
 m - 3 scrolls of summoning {unknown}
 p - 3 scrolls of identify {unknown}
 q - a scroll of enchant armour {unknown}
 s - a scroll of blinking {unknown}
 t - a scroll of enchant weapon {unknown}
 u - a scroll of noise {unknown}
Potions
 d - a potion of might
 h - 3 potions of curing {unknown}
 k - a potion of ambrosia {unknown}
 r - a potion of flight {unknown}
 v - 2 potions of magic {unknown}


   Skills:
 - Level 3.2 Fighting
 * Level 5.1 Polearms
 + Level 1.4 Throwing
 - Level 2.1 Armour
 + Level 2.2 Dodging
 - Level 3.0 Shields
 + Level 0.5 Spellcasting
 + Level 0.7 Summonings


You had 3 spell levels left.
You knew the following spells:

 Your Spells              Type           Power      Damage    Failure   Level
a - Summon Small Mammal   Summ           4%         N/A       80%         1

Your spell library contained the following spells:

 Spells                   Type           Power      Damage    Failure   Level
 Call Canine Familiar     Summ           1%         N/A       99%         3
 Summon Guardian Golem    Hex/Summ       0%         N/A       99%         3


Dungeon Overview and Level Annotations

Branches:
Dungeon (4/15)
 Temple: D:4-7

Altars:
Hepliaklqana
Sif Muna


Innate Abilities, Weirdness & Mutations

((You are very nimble when in or above water. (Stealth+, EV+, Speed+++)))
Your lower body shifts to a powerful aquatic tail in water.


Message History

Done exploring.
There is a stone staircase leading down here.
You climb downwards.
Found a leather armour and 4 gold pieces.
There is a stone staircase leading up here.
There's nothing to close nearby.
Unknown command.
There's nothing to close nearby.
Casting: Summon Small Mammal (safe; 80% risk of failure)
Confirm with . or Enter, or press ? or * to list all spells.
Okay, then.
Found a hunting sling.
You now have 241 gold pieces (gained 4).
An iguana comes into view.
Found 15 gold pieces.
The iguana hisses angrily.
You closely miss the iguana. The iguana closely misses you.
You hit the iguana.
The iguana is lightly wounded.
You block the iguana's attack.
You puncture the iguana!
The iguana is heavily wounded.
The iguana bites you.
You hit the iguana but do no damage.
The iguana is heavily wounded.
You block the iguana's attack.
You barely miss the iguana.
The iguana is heavily wounded.
The iguana barely misses you.
You hit the iguana but do no damage.
The iguana is heavily wounded.
The iguana bites you!
You hit the iguana.
The iguana is almost dead.
The iguana bites you!
* * * LOW HITPOINT WARNING * * *
You barely miss the iguana.
The iguana is almost dead.
The iguana bites you!
You die...

.# ...## ..
.... ..
$..# #.#.
...# #.#.
...# #.#.
...
####.#.##l#
........@.#
####.#..###
#.##.##
##<#...#
#......##
#......[#
#.....#.#
#.....#.#
#.....#..


You could see an iguana.

Vanquished Creatures
  4 gnolls (D:3)
  2 dart slugs (D:2)
  2 endoplasms (D:1)
  A giant cockroach (D:1)
  A goblin (D:2)
  8 hobgoblins
  4 jackals (D:3)
  4 quokkas
  3 ball pythons
  5 bats
  5 frilled lizards
  2 kobolds
  4 rats
45 creatures vanquished.

Vanquished Creatures (others)
  A fungus (D:3)
  4 toadstools (D:3)
5 creatures vanquished.

Grand Total: 50 creatures vanquished

Notes
Turn   | Place    | Note
-------+----------+-------------------------------------------
     0 | D:1      | mcbry74 the Merfolk Fighter began the quest for the Orb.
     0 | D:1      | Reached XP level 1. HP: 18/18 MP: 1/1
   170 | D:1      | Found a faded altar of an unknown god.
   179 | D:1      | Prayed at the altar of an unknown god.
   179 | D:1      | Became a worshipper of Sif Muna the Loreminder
   179 | D:1      | Reached * piety under Sif Muna
   329 | D:1      | Reached skill level 1 in Dodging
   329 | D:1      | Reached XP level 2. HP: 24/24 MP: 2/2
   788 | D:2      | Reached skill level 4 in Polearms
   949 | D:2      | Found a hazy altar of Hepliaklqana.
  1201 | D:2      | Reached XP level 3. HP: 28/29 MP: 3/3
  1252 | D:2      | Reached ** piety under Sif Muna
  1253 | D:2      | Reached skill level 1 in Throwing
  1709 | D:3      | Learned a level 1 spell: Summon Small Mammal
  2166 | D:3      | Reached XP level 4. HP: 32/35 MP: 4/4
  2197 | D:3      | Reached skill level 5 in Polearms
  2466 | D:4      | Slain by an iguana

Illustrated notes

Levels and vault maps discovered:
D:1:      noname_arrival_rooms_in_the_neighbourhood, layout_basic,
          basic_ecumenical_altar, amcnicky_mini_pool_small
D:2:      minmay_chambers_of_ones, layout_basic, basic_altar
D:3:      layout_rooms, grunt_decor_one_mirror, minmay_gold_behind_fungi
D:4:      layout_basic, lemuel_old_faithful

Skill      XL: |  1  2  3  4 |
---------------+-------------+-----
Dodging        | 1 2 |  2.2
Polearms       | 4 5 |  5.1
Throwing       | 1 |  1.4
Fighting       | |  3.2
Armour         | |  2.1
Shields        | |  3.0
Spellcasting   | |  0.5
Summonings     | |  0.7

Action                   |  1- 3 |  4- 6 || total
-------------------------+-------+-------++-------
Melee: Trident           |   140 |    21 ||   161
Throw: Dart              |     4 |       ||     4
Armor: Scale mail        |    38 |     1 ||    39
Dodge: Dodged            |    39 |     4 ||    43
Block: Buckler           |    21 |     3 ||    24
